 Dungeon Crawl Stone Soup version 0.31.0-1-g2c135a008e (webtiles) character file.

Game seed: 816311259336986529

4314 qw the Nimble (level 10, -4/75 HPs)
             Began as a Djinni Hunter on Jan 23, 2024.
             Was an Initiate of Okawaru.
             Slain by a death yak (24 damage)
             ... on level 8 of the Dungeon.
             The game lasted 00:00:40 (6896 turns).

qw the Nimble (Djinni Hunter)                       Turns: 6896, Time: 00:00:41

Health: -4/75      AC:  4    Str: 10    XL:     10   Next: 58%
Gold:   193        EV: 21    Int: 10    God:    Okawaru [......] SH:  0 Dex: 28

rFire   + + .        g - +1 orcbow
rCold   . . .        (shield currently unavailable)
rNeg    . . .        c - +1 leather armour {rC+}
rPois   inf          (no helmet)
rElec   .            (no cloak)
rCorr   .            (no gloves)
SInv    +            (boots unavailable)
Will    +....        (no amulet)
Stlth   ++           d - ring of see invisible
HPRegen 0.32/turn    o - +6 ring of dexterity
MPRegen 0.00/turn

%: infuse magic (-5 HP)
@: flying
A: sickness immunity, fire resistance 2, cold vulnerability 1, float, innate
caster, HP casting, extra vitality 1
a: Renounce Religion


You were on level 8 of the Dungeon.
You worshipped Okawaru.
Okawaru was noncommittal.
You visited 2 branches of the dungeon, and saw 9 of its levels.

You collected 451 gold pieces.
You spent 258 gold pieces at shops.


Innate Abilities, Weirdness & Mutations

You are immune to sickness and miasma.
You are immune to poison.
Your flesh is very heat resistant. (rF++)
You are vulnerable to cold. (rC-)
You float through the air rather than walking.
You learn spells naturally, not from books.
Your magical power is your life essence.
You have superior vitality. (+4 MHP)


   Skills:
 - Level 7.1 Fighting
 + Level 9.0 Ranged Weapons
 - Level 1.1 Armour
 - Level 9.5 Dodging
 - Level 0.7 Stealth


You knew the following spells:

 Your Spells              Type           Power      Damage    Failure   Level
a - Sting                 Conj/Alch      0%         1d3       45%         1
b - Blink                 Tloc           0%         N/A       61%         2
c - Inner Flame           Hex/Fire       0%         N/A       83%         3
d - Iskenderun's Mystic   Conj/Tloc      0%         2d3       99%         4
Your spell library was empty.

Inventory:

Hand Weapons
 g - a +1 orcbow (weapon)
Armour
 b - a +3 leather armour
 c - a +1 leather armour of cold resistance (worn)
 e - the +2 pair of gloves of Plog {-Tele Regen+ Dex+5}
   (You acquired it on level 1 of the Dungeon)

   Dex+5:     It affects your dexterity (+5).
   -Tele:     It prevents most forms of teleportation.
   Regen+:    It increases your rate of health regeneration.
Jewellery
 d - a ring of see invisible (left hand)
 i - a ring of positive energy
 o - a +6 ring of dexterity (right hand)
Wands
 m - a wand of iceblast (3)
Scrolls
 h - 5 scrolls of enchant armour
 l - 5 scrolls of teleportation
Potions
 f - 4 potions of curing
 j - a potion of mutation
 k - a potion of might
 n - a potion of enlightenment

Dungeon Overview and Level Annotations

Branches:
Dungeon (8/15)             Temple (1/1) D:7
   Lair: D:8-11

Altars:
Ashenzari
Cheibriados
Dithmenos
Elyvilon
Fedhas
Gozag
Hepliaklqana
Makhleb
Nemelex Xobeh
Okawaru
Trog
Wu Jian
Xom
Zin

Shops:
D:4 ?   D:5 *   D:6 *

Annotations:
D:4 3 runed translucent doors, qw's ghost, amateur GrHu


Message History

The death yak closely misses you.
You shoot an arrow. The arrow hits the death yak!
The death yak is heavily wounded.
The death yak barely misses you. x2
A river rat comes into view.
You shoot an arrow. The arrow hits the death yak.
The death yak is heavily wounded.
The death yak barely misses you.
The river rat moves out of view.
You shoot an arrow.
The arrow hits the death yak but does no damage.
The death yak is heavily wounded.
The death yak misses you.
You shoot an arrow. The arrow hits the death yak!
The death yak is severely wounded.
The death yak gores you!
You shoot an arrow.
The arrow hits the death yak but does no damage.
The death yak is severely wounded.
The death yak misses you.
You shoot an arrow. The arrow hits the death yak!
The death yak is almost dead.
The death yak completely misses you.
A death yak comes into view.
You shoot an arrow. The arrow hits the death yak!
The death yak is almost dead.
The death yak gores you!
You shoot an arrow. The arrow hits the death yak!
You kill the death yak!
Okawaru is honoured by your kill.
Your Dodging skill increases to level 9!
You shoot an arrow. The arrow hits the death yak!
The death yak is lightly wounded.
The death yak barely misses you.
You shoot an arrow. The arrow barely misses the death yak.
The arrow completely misses the death yak.
The arrow hits the river rat!!
You kill the river rat!
Okawaru accepts your kill. The death yak gores you!!
You die...

......# ..##..# .###..# .
.'....# .. .####.# ...
.####.# #.. #.....# #...
#.##### #..yy###########
#..<..# +..rYY@..##)...#
#...#.# #...y###.##)##.#
......# #... #.##.##.#
#.....# ### #....##.#
####.###################.#
#.....................#
#######################


You could see 2 death yaks, a hell rat and 3 killer bees.

Vanquished Creatures
  A death yak (D:8)
  Pikel (D:5)
  Sigmund (D:6)
  A wyvern (D:7)
  Menkaure (D:5)
  A water moccasin (D:7)
  2 orc warriors
  A centaur (D:6)
  5 ogres
  A lemure (D:5)
  A kobold brigand (D:6)
  4 bullfrogs (D:7)
  2 scorpions
  9 wights (D:7)
  7 killer bees
  A howler monkey (D:5)
  A bombardier beetle (D:5)
  4 hounds
  A jelly (D:6)
  2 orc priests (D:6)
  5 iguanas
  3 sleepcaps
  3 orc wizards
  9 gnolls
  5 adders
  A river rat (D:8)
  A white imp (D:6)
  2 ufetubi (D:5)
  5 ribbon worms
  5 dart slugs
  20 orcs
  10 ball pythons
  6 bats
  9 endoplasms
  6 giant cockroaches
  5 goblins
  9 hobgoblins
  10 jackals
  17 kobolds
  6 quokkas
  3 frilled lizards
  A rat (D:1)
188 creatures vanquished.

Notes
Turn   | Place    | Note
-------+----------+-------------------------------------------
     0 | D:1      | qw the Djinni Hunter began the quest for the Orb.
     0 | D:1      | Reached XP level 1. HP: 18/18 MP: 0/0
     0 | D:1      | 0 ||| qw: Version: 0.3-a-132-g3d54051
     0 | D:1      | 0 ||| qw: Game counter: 647
     0 | D:1      | 0 ||| qw: Melee chars always use a shield: true
     0 | D:1      | 0 ||| qw: God list: Okawaru
     0 | D:1      | 0 ||| qw: Allow faded altars: false
     0 | D:1      | 0 ||| qw: Do Orc after clearing Dungeon:15 true
     0 | D:1      | 0 ||| qw: Do second Lair branch before Depths: true
     0 | D:1      | 0 ||| qw: Lair rune preference: random
     0 | D:1      | 0 ||| qw: Goals: Normal
     0 | D:1      | 0 ||| PLANNING D:1-11
    33 | D:1      | Reached XP level 2. HP: 19/23 MP: 0/0
   227 | D:1      | Reached XP level 3. HP: 28/28 MP: 0/0
   227 | D:1      | Learned a level 1 spell: Sting
   787 | D:1      | 787 ||| UPGRADING to +1 robe of positive energy.
   797 | D:1      | 797 ||| READING 3 scrolls labelled MAICKOVUHINT.
   798 | D:1      | 798 ||| READING scroll labelled CUOGIEWKED.
   798 | D:1      | 798 ||| IDENTIFYING sapphire potion
   799 | D:1      | 799 ||| READING 2 scrolls labelled CEOLUEHAFY.
   799 | D:1      | 799 ||| ENCHANTING +0 shortbow.
   800 | D:1      | 800 ||| READING scroll labelled MOKIBLUYNU.
   800 | D:1      | Identified a scroll of acquirement
   800 | D:1      | 800 ||| ACQUIRING +2 pair of gloves of Plog {-Tele Regen+
                  | Dex+5}
   800 | D:1      | Acquired the +2 pair of gloves of Plog {-Tele Regen+ Dex+5}
   802 | D:1      | 802 ||| READING scroll labelled IRAGUQ YWIEL.
   802 | D:1      | 802 ||| BRANDING +0 shortbow.
   803 | D:1      | 803 ||| READING scroll labelled OTUEPS WAKHLOS.
   807 | D:1      | 807 ||| DROPPING scroll of butterflies.
   808 | D:1      | 808 ||| DROPPING 2 scrolls of blinking.
  1022 | D:2      | Reached XP level 4. HP: 33/34 MP: 0/0
  1225 | D:2      | Identified the +0 robe of the Eight Boll Weevils {Dex+2}
  1487 | D:2      | Reached skill level 3 in Dodging
  1561 | D:2      | Reached skill level 3 in Fighting
  1767 | D:2      | You are sucked into a shaft and drop 1 floor!
  1897 | D:3      | Reached XP level 5. HP: 36/40 MP: 0/0
  1897 | D:3      | Learned a level 2 spell: Blink
  1999 | D:3      | 1999 ||| FLEEEEING.
  2002 | D:3      | 2002 ||| STAIRDANCE
  2104 | D:2      | 2104 ||| UPGRADING to +3 leather armour.
  2114 | D:2      | 2114 ||| DROPPING +0 leather armour.
  2115 | D:2      | 2115 ||| DROPPING +1 robe of positive energy.
  2116 | D:2      | 2116 ||| DROPPING +0 robe of the Eight Boll Weevils
                  | {Dex+2}.
  2117 | D:2      | 2117 ||| UPGRADING to ring of see invisible.
  2118 | D:2      | 2118 ||| UPGRADING to +6 ring of dexterity.
  2119 | D:2      | 2119 ||| READING scroll of identify.
  2119 | D:2      | 2119 ||| IDENTIFYING blue potion
  2120 | D:2      | 2120 ||| READING scroll labelled QEGAUL ENTOGUE.
  2121 | D:2      | 2121 ||| READING scroll labelled PEDANN AGOI.
  2122 | D:2      | 2122 ||| DROPPING potion of attraction.
  2327 | D:3      | Found a snail-covered altar of Cheibriados.
  2334 | D:3      | Reached XP level 6. HP: 46/46 MP: 0/0
  2637 | D:3      | Found a white marble altar of Elyvilon.
  2812 | D:3      | 2812 ||| RETREEEEATING.
  2813 | D:3      | 2813 ||| RETREEEEATING.
  2814 | D:3      | 2814 ||| RETREEEEATING.
  2816 | D:3      | 2816 ||| RETREEEEATING.
  2844 | D:3      | 2844 ||| READING 2 scrolls of identify.
  2844 | D:3      | 2844 ||| IDENTIFYING smoky blue potion
  2898 | D:4      | Reached XP level 7. HP: 51/51 MP: 0/0
  2898 | D:4      | Learned a level 3 spell: Inner Flame
  2912 | D:4      | 2912 ||| FLEEEEING.
  2913 | D:4      | 2913 ||| FLEEEEING.
  2914 | D:4      | 2914 ||| FLEEEEING.
  2918 | D:4      | 2918 ||| FLEEEEING.
  2919 | D:4      | 2919 ||| FLEEEEING.
  2920 | D:4      | 2920 ||| FLEEEEING.
  2921 | D:4      | 2921 ||| FLEEEEING.
  2923 | D:4      | 2923 ||| FLEEEEING.
  2924 | D:4      | 2924 ||| FLEEEEING.
  2927 | D:4      | 2927 ||| STAIRDANCE
  2988 | D:3      | 2988 ||| READING scroll of identify.
  2988 | D:3      | 2988 ||| IDENTIFYING scroll labelled YNUCOS ONAO
  2989 | D:3      | 2989 ||| DROPPING scroll of immolation.
  3076 | D:4      | Found a runed translucent gate.
  3077 | D:4      | Found a runed translucent gate.
  3078 | D:4      | Found a runed translucent gate.
  3079 | D:4      | Noticed qw's ghost (amateur GrHu)
  3195 | D:4      | Found a hazy altar of Hepliaklqana.
  3384 | D:4      | Found The Oracle's Delphic Readings.
  3388 | D:4      | 3388 ||| BUYING 3 scrolls of teleportation (108 gold).
  3388 | D:4      | Bought 3 scrolls of teleportation for 108 gold pieces
  3487 | D:4      | 3487 ||| READING scroll labelled FEBBIA LETYE.
  3488 | D:4      | 3488 ||| READING scroll labelled BULUOW XEBBOU.
  3489 | D:4      | 3489 ||| FLEEEEING.
  3611 | D:5      | Entered Level 5 of the Dungeon
  3740 | D:5      | Found a shimmering altar of Xom.
  3763 | D:5      | Reached skill level 6 in Ranged Weapons
  3763 | D:5      | Reached XP level 8. HP: 55/58 MP: 0/0
  3773 | D:5      | 3773 ||| FLEEEEING.
  3789 | D:5      | 3789 ||| FLEEEEING.
  3910 | D:5      | 3910 ||| RETREEEEATING.
  3925 | D:5      | Reached skill level 6 in Dodging
  3928 | D:5      | 3928 ||| FLEEEEING.
  3933 | D:5      | 3933 ||| FLEEEEING.
  3934 | D:5      | 3934 ||| FLEEEEING.
  3935 | D:5      | 3935 ||| FLEEEEING.
  3940 | D:5      | 3940 ||| FLEEEEING.
  3941 | D:5      | 3941 ||| FLEEEEING.
  3945 | D:5      | 3945 ||| FLEEEEING.
  3946 | D:5      | 3946 ||| FLEEEEING.
  3947 | D:5      | 3947 ||| FLEEEEING.
  3948 | D:5      | 3948 ||| FLEEEEING.
  3949 | D:5      | 3949 ||| FLEEEEING.
  3950 | D:5      | 3950 ||| FLEEEEING.
  3952 | D:5      | 3952 ||| FLEEEEING.
  3953 | D:5      | 3953 ||| FLEEEEING.
  3954 | D:5      | 3954 ||| FLEEEEING.
  3955 | D:5      | 3955 ||| FLEEEEING.
  3957 | D:5      | 3957 ||| FLEEEEING.
  3958 | D:5      | 3958 ||| FLEEEEING.
  3959 | D:5      | 3959 ||| FLEEEEING.
  3960 | D:5      | 3960 ||| FLEEEEING.
  3961 | D:5      | 3961 ||| FLEEEEING.
  3962 | D:5      | 3962 ||| FLEEEEING.
  3966 | D:5      | 3966 ||| FLEEEEING.
  3967 | D:5      | 3967 ||| FLEEEEING.
  3968 | D:5      | 3968 ||| FLEEEEING.
  3969 | D:5      | 3969 ||| STAIRDANCE
  3973 | D:4      | 3973 ||| STAIRDANCE
  4006 | D:3      | 4006 ||| UPGRADING to +1 leather armour of cold resistance.
  4016 | D:3      | 4016 ||| READING scroll of identify.
  4016 | D:3      | 4016 ||| IDENTIFYING fizzy dark potion
  4017 | D:3      | 4017 ||| DRINKING 2 bubbling purple potions.
  4051 | D:3      | 4051 ||| DRINKING 2 black potions.
  4052 | D:3      | 4052 ||| DROPPING potion of lignification.
  4066 | D:5      | 4066 ||| STAIRDANCE
  4099 | D:5      | Found Feson's Assorted Antiques.
  4102 | D:5      | 4102 ||| BUYING scroll labelled UGEUSO ETOALYSK (24 gold).
  4102 | D:5      | Bought a scroll labelled UGEUSO ETOALYSK for 24 gold pieces
  4102 | D:5      | 4102 ||| BUYING scroll labelled XETARR SAPUUPI (24 gold).
  4102 | D:5      | Bought a scroll labelled XETARR SAPUUPI for 24 gold pieces
  4102 | D:5      | 4102 ||| BUYING scroll of teleportation (72 gold).
  4102 | D:5      | Bought a scroll of teleportation for 72 gold pieces
  4218 | D:5      | 4218 ||| RETREEEEATING.
  4221 | D:5      | 4221 ||| RETREEEEATING.
  4222 | D:5      | Noticed Pikel
  4236 | D:5      | Killed Pikel
  4237 | D:5      | Reached XP level 9. HP: 31/62 MP: 0/0
  4237 | D:5      | Learned a level 4 spell: Iskenderun's Mystic Blast
  4237 | D:5      | 4237 ||| FLEEEEING.
  4246 | D:5      | 4246 ||| STAIRDANCE
  4376 | D:4      | 4376 ||| READING scroll of identify.
  4376 | D:4      | 4376 ||| IDENTIFYING 2 lumpy cyan potions
  4377 | D:4      | 4377 ||| READING scroll labelled UGEUSO ETOALYSK.
  4377 | D:4      | 4377 ||| ENCHANTING +0 shortbow of draining.
  4378 | D:4      | 4378 ||| READING scroll labelled XETARR SAPUUPI.
  4379 | D:4      | 4379 ||| FLEEEEING.
  4489 | D:4      | 4489 ||| DROPPING 2 potions of degeneration.
  4599 | D:5      | Noticed Menkaure
  4602 | D:5      | 4602 ||| ZAPPING wand of iceblast (5) at 4,0 (floor).
  4603 | D:5      | 4603 ||| ZAPPING wand of iceblast (4) at 2,0 (floor).
  4603 | D:5      | Killed Menkaure
  4608 | D:5      | Reached skill level 1 in Armour
  5010 | D:6      | 5010 ||| FLEEEEING.
  5087 | D:6      | 5087 ||| READING scroll of brand weapon.
  5087 | D:6      | 5087 ||| BRANDING +1 shortbow of draining.
  5227 | D:6      | Noticed Sigmund
  5229 | D:6      | Killed Sigmund
  5230 | D:6      | Reached skill level 6 in Fighting
  5250 | D:6      | Found Qeughuge's General Store.
  5262 | D:6      | HP: 16/66 [orc warrior/arrow (12)]
  5263 | D:6      | 5263 ||| READING 5 scrolls of teleportation.
  5264 | D:6      | 5264 ||| DRINKING 2 potions of heal wounds.
  5444 | D:6      | HP: 14/66 [orc warrior/arrow (18)]
  5445 | D:6      | 5445 ||| READING 4 scrolls of teleportation.
  5446 | D:6      | 5446 ||| DRINKING potion of heal wounds.
  5625 | D:6      | 5625 ||| FLEEEEING.
  5702 | D:6      | 5702 ||| SHOPLISTING +1 cloak (172 gold, have 124).
  5702 | D:6      | 5702 ||| SHOPLISTING +3 leather armour of cold resistance
                  | (360 gold, have 124).
  5702 | D:6      | 5702 ||| SHOPLISTING +4 cloak "Sidodyrph" {rPois Will+
                  | Str+4} (745 gold, have 124).
  5702 | D:6      | 5702 ||| BUYING scroll of identify (30 gold).
  5702 | D:6      | Bought a scroll of identify for 30 gold pieces
  5730 | D:6      | 5730 ||| SWAPPING to +0 orcbow.
  5731 | D:6      | 5731 ||| DROPPING +1 shortbow of flaming.
  5907 | D:6      | 5907 ||| READING 3 scrolls of identify.
  5907 | D:6      | 5907 ||| IDENTIFYING golden potion
  5908 | D:6      | 5908 ||| READING 2 scrolls of identify.
  5908 | D:6      | 5908 ||| IDENTIFYING scroll labelled WOEHACYI TOZA
  5909 | D:6      | 5909 ||| READING scroll of identify.
  5909 | D:6      | 5909 ||| IDENTIFYING scroll labelled WEIHEB EHADGH
  5910 | D:6      | 5910 ||| DROPPING scroll of revelation.
  5911 | D:6      | 5911 ||| DROPPING scroll of poison.
  5912 | D:6      | 5912 ||| DROPPING potion of berserk rage.
  5939 | D:7      | 5939 ||| STAIRDANCE
  5945 | D:6      | 5945 ||| FLEEEEING.
  5954 | D:6      | 5954 ||| STAIRDANCE
  5988 | D:7      | 5988 ||| STAIRDANCE
  5995 | D:7      | 5995 ||| RETREEEEATING.
  5997 | D:7      | 5997 ||| RETREEEEATING.
  6012 | D:7      | Reached XP level 10. HP: 29/72 MP: 0/0
  6147 | D:7      | Found an opulent altar of Gozag.
  6155 | D:7      | Found a staircase to the Ecumenical Temple.
  6156 | D:7      | 6156 ||| PLANNING TEMPLE
  6165 | Temple   | Entered the Ecumenical Temple
  6166 | Temple   | 6166 ||| PLANNING D:1-11
  6183 | D:7      | 6183 ||| FLEEEEING.
  6291 | D:7      | Reached skill level 9 in Ranged Weapons
  6303 | D:7      | 6303 ||| FLEEEEING.
  6406 | D:7      | 6406 ||| FLEEEEING.
  6493 | D:7      | Found a glowing silver altar of Zin.
  6498 | D:7      | 6498 ||| READING scroll of enchant weapon.
  6498 | D:7      | 6498 ||| ENCHANTING +0 orcbow.
  6542 | D:7      | Found an iron altar of Okawaru.
  6543 | D:7      | 6543 ||| PLANNING OKAWARU WORSHIP
  6543 | D:7      | 6543 ||| READING 2 scrolls of identify.
  6543 | D:7      | 6543 ||| IDENTIFYING brown potion
  6550 | D:7      | Became a worshipper of Warmaster Okawaru
  6551 | D:7      | 6551 ||| PLANNING D:1-11
  6604 | D:7      | Found a burning altar of Makhleb.
  6769 | D:7      | 6769 ||| READING scroll of identify.
  6769 | D:7      | 6769 ||| IDENTIFYING scroll labelled ULIEMEPSAL
  6770 | D:7      | 6770 ||| DROPPING scroll of summoning.
  6875 | D:8      | Noticed a death yak
  6877 | D:8      | Noticed a death yak
  6892 | D:8      | Noticed a death yak
  6894 | D:8      | Killed a death yak
  6895 | D:8      | Reached skill level 9 in Dodging
  6896 | D:8      | Slain by a death yak

Levels and vault maps discovered:
D:1:      minmay_arrival_shoal_huts, layout_basic
D:2:      layout_basic, serial_curves, eino_curves_03, eino_curves_02,
          minmay_bisected
D:3:      layout_loops_corners, elyvilon_altar_4, slow_altar_2,
          cheibrodos_gnoll_hut
D:4:      layout_cave_pools, kennysheep_mini_moat, ebering_ghost_rock_garden,
          nicolae_nh_oracle_at_delphi
D:5:      layout_basic, xom_teletrap_fun, serial_shops,
          nicolae_shop_behind_doors, small_statue_intersection, uniq_pikel,
          uniq_crazy_yiuf_cottage, uniq_menkaure
D:6:      layout_loops_ring, serial_shops, shop, uniq_sigmund
D:7:      layout_basic, old_standard_altar, mainiacjoe_overflow_chevrons,
          bloody_makhleb, grunt_gozag_statues, minmay_temple_entry_ruins
D:8:      gammafunk_indiana_jones, layout_basic, vehumet_statue,
          mainiacjoe_overflow_small_starburst, mainiacjoe_overflow_tiny_flanked,
          dpeg_lair_monsters, kennysheep_kite_vault
Temple:   nicolae_temple_little_seven

Skill      XL: |  1  2  3  4  5  6  7  8  9 10 |
---------------+-------------------------------+-----
Ranged Weapons | 4 5 6 8 9 |  9.0
Dodging        | 3 4 5 6 8 9 |  9.5
Fighting       | 3 4 6 7 |  7.1
Armour         | 1 |  1.1
Stealth        | |  0.7

Action                     |  1- 3 |  4- 6 |  7- 9 | 10-12 || total
---------------------------+-------+-------+-------+-------++-------
   Fire: Shortbow          |    93 |   151 |   267 |       ||   511
         Orcbow            |       |       |    33 |    99 ||   132
  Evoke: Wand              |       |       |     2 |       ||     2
    Use: Scroll            |     6 |     4 |    13 |     3 ||    26
         Potion            |       |       |     4 |       ||     4
 Armour: Leather armour    |     8 |     6 |    81 |    30 ||   125
         Robe              |     5 |    14 |       |       ||    19
  Dodge: Dodged            |    10 |    27 |   169 |    75 ||   281

Table legend:
 A = Non-vault XP
 B = Vault XP
 C = Vault XP percentage of total XP
 D = Non-vault monster count
 E = Vault monster count
 F = Vault count percentage of total count
                 A         B        C        D         E       F
            +---------+---------+-------+---------+---------+-------
      Total |    4181 |    1996 |  32.3 |     174 |      13 |   7.0
            +---------+---------+-------+---------+---------+-------
        D:1 |      47 |       0 |   0.0 |      27 |       0 |   0.0
        D:2 |      54 |       6 |  10.0 |      27 |       2 |   6.9
        D:3 |     166 |     107 |  39.2 |      25 |       4 |  13.8
        D:4 |     304 |      37 |  10.9 |      26 |       2 |   7.1
        D:5 |     959 |     820 |  46.1 |      21 |       2 |   8.7
        D:6 |     882 |     226 |  20.4 |      17 |       1 |   5.6
        D:7 |    1543 |       0 |   0.0 |      25 |       0 |   0.0
        D:8 |     226 |     800 |  78.0 |       6 |       2 |  25.0
            +---------+---------+-------+---------+---------+-------
